 Dungeon Crawl Stone Soup version 0.27-a0-984-g00e00afbbc (webtiles) character file.

Game seed: 8160349316594529559

40 Froggeryz the Shield-Bearer (level 3, -2/29 HPs)
             Began as a Formicid Fighter on Apr 15, 2021.
             Slain by an ogre
             ... wielding a +0 giant club
              (18 damage)
             ... on level 2 of the Dungeon.
             The game lasted 00:00:55 (1104 turns).

Froggeryz the Shield-Bearer (Formicid Fighter)      Turns: 1104, Time: 00:00:55

Health: -2/29      AC:  6    Str: 21    XL:     3   Next: 72%
Magic:  3/3        EV:  8    Int:  7    God:
Gold:   92         SH:  9    Dex: 10    Spells: 2/2 levels left

rFire    . . .     SeeInvis +   a - +0 war axe
rCold    . . .     Faith    .   c - +0 kite shield
rNeg     . . .     Spirit   .   b - +0 scale mail
rPois    .         Reflect  .   (helmet unavailable)
rElec    .         Harm     .   (no cloak)
rCorr    .         Rampage  .   (no gloves)
Will     .....                  (no boots)
Stlth    ..........             (no amulet)
HPRegen  0.09/turn              (no ring)
MPRegen  0.08/turn              (no ring)

@: no status effects
A: permanent stasis, dig shafts and tunnels, antennae 3, four strong arms
a: Dig, Shaft Self


You were on level 2 of the Dungeon.
You visited 1 branch of the dungeon, and saw 2 of its levels.

You collected 92 gold pieces.

Inventory:

Hand Weapons
 a - a +0 war axe (weapon)
Armour
 b - a +0 scale mail (worn)
 c - a +0 kite shield (worn)
Scrolls
 g - a scroll of teleportation {unknown}
 h - a scroll of amnesia {unknown}
 i - a scroll of summoning {unknown}
 k - a scroll of identify {unknown}
Potions
 d - 2 potions of might
 e - a potion of lignification {unknown}
 f - a potion of berserk rage {unknown}
 j - a potion of curing {unknown}


   Skills:
 - Level 3.2 Fighting
 * Level 3.3 Axes
 - Level 3.2 Armour
 + Level 4.2 Shields


You had 2 spell levels left.
You didn't know any spells.
Your spell library was empty.

Dungeon Overview and Level Annotations

Branches:
Dungeon (2/15)

Altars:


Innate Abilities, Weirdness & Mutations

You cannot be hasted, slowed, berserked, paralysed or teleported.
You can dig through walls and to a lower floor.
You have a pair of large antennae on your head. (SInv)
Your four strong arms can wield two-handed weapons with a shield.


Message History

You hit the bat. You barely miss the kobold. The bat hits you.
A frilled lizard comes into view.
The kobold hits you but does no damage.
You slash the kobold!
You kill the kobold!
You block the bat's attack.
The frilled lizard hisses.
A frilled lizard comes into view.
You closely miss the bat.
The bat is heavily wounded.
The frilled lizard hisses angrily.
The bat hits you but does no damage. You block the bat's attack.
You hit the bat.
You kill the bat!
You block the frilled lizard's attack.
You see here a +0 short sword.
You miss the frilled lizard. x2
The frilled lizard bites you but does no damage.
You block the frilled lizard's attack.
You closely miss the frilled lizard. You slash the frilled lizard!
You kill the frilled lizard!
You block the frilled lizard's attack.
You barely miss the frilled lizard. You block the frilled lizard's attack.
The frilled lizard bites you but does no damage.
You hit the frilled lizard but do no damage.
The frilled lizard barely misses you.
You slash the frilled lizard!
You kill the frilled lizard!
An ogre comes into view. It is wielding a +0 giant club.
The ogre shouts!
Found 16 gold pieces.
An ogre is nearby!
You barely miss the ogre. The ogre hits you with a +0 giant club!
Your scale mail prevents you from hitting the ogre.
You block the ogre's attack.
You hit the ogre.
The ogre is moderately wounded.
The ogre hits you with a +0 giant club!!
Ouch! That really hurt!
You die...

# ##....#####.
#.......# #
#..######
#.##...##
.###..†....#####
.......).......###
...........##.....
####..............
#?.....@##....
#.......O# ###
............
...............
...######........
... ##.$.....
....... .......


You could see an ogre.

Vanquished Creatures
  5 endoplasms
  2 giant cockroaches
  4 hobgoblins
  4 jackals (D:2)
  6 ball pythons
  6 bats
  2 frilled lizards (D:2)
  A goblin (D:1)
  5 kobolds
  2 rats
37 creatures vanquished.

Notes
Turn   | Place    | Note
-------+----------+-------------------------------------------
     0 | D:1      | Froggeryz the Formicid Fighter began the quest for the Orb.
     0 | D:1      | Reached XP level 1. HP: 18/18 MP: 1/1
   301 | D:1      | You fall into a shaft and drop 1 floor!
   313 | D:1      | Reached XP level 2. HP: 24/24 MP: 2/2
   460 | D:1      | Reached skill level 4 in Shields
   784 | D:1      | Reached XP level 3. HP: 28/29 MP: 3/3
  1098 | D:2      | Noticed an ogre
  1104 | D:2      | Slain by an ogre

Illustrated notes

Levels and vault maps discovered:
D:1:      dpeg_arrival_simpleton_c, layout_rooms
D:2:      layout_rooms, shapermc_ecumenical_altar_flowoftime

Skill      XL: |  1  2  3 |
---------------+----------+-----
Shields        | 4 |  4.2
Axes           | 3 |  3.3
Fighting       | |  3.2
Armour         | |  3.2

Action                   || total
-------------------------++-------
Melee: War axe           ||    87
Armor: Scale mail        ||    46
Dodge: Dodged            ||    38
Block: Kite shield       ||    47

Table legend: (Time is in decaauts)
 A = Elapsed time spent in this place.
 B = Non-inter-level travel time spent in this place.
 C = Inter-level travel time spent in this place.
 D = Time resting spent in this place.
 E = Time spent auto-exploring this place.
 F = Levels seen in this place.
 G = Mean time per level.
                   A        B        C        D        E       F      G
               +--------+--------+--------+--------+--------+-----+--------+
         Total |   1149 |   1136 |     13 |    146 |    761 |   2 |  574.5 |
       Dungeon |   1149 |   1136 |     13 |    146 |    761 |   2 |  574.5 |
               +--------+--------+--------+--------+--------+-----+--------+

Top non-repeatable levels by time:
     D:1: 862 daAuts
     D:2: 287 daAuts
